 Dungeon Crawl Stone Soup version 0.29.1-2-gbd0b4ee654 (webtiles) character file.

Game seed: 6776337011888569105

504982 jmequinoxe the Conqueror (level 23, -10/251 (264) HPs)
             Began as a Minotaur Berserker on Nov 24, 2022.
             Was the Champion of Trog.
             Mangled by a reaper
             ... wielding a +2 vampiric scythe
             ... called by a doom hound
              (27 damage)
             ... on level 1 of the Realm of Zot on Nov 26, 2022.
             The game lasted 05:44:33 (69501 turns).

jmequinoxe the Conqueror (Minotaur Berserker)      Turns: 69501, Time: 05:44:34

HP:   -10/251 (264) AC: 36    Str: 25    XL:     23   Next: 82%
MP:   31/31         EV: 21    Int:  4    God:    Trog [******]
Gold: 2078          SH: 27    Dex: 28    Spells: 22/22 levels left

rFire   + + .      SeeInvis .   a - +9 broad axe (vorpal)
rCold   + . .      Faith    +   w - +0 tower shield
rNeg    . . .      Spirit   .   f - +0 crystal plate armour of Tubraqol {Will+ MP+9 Dex+4}
rPois   +          Reflect  .   (helmet restricted)
rElec   +          Harm     .   T - scarf {rC+ rF+}
rCorr   .          Rampage  +   N - +1 pair of gloves of the Orcish Mines {rElec}
Will    ++...                   D - +2 pair of boots
Stlth   ..........              S - amulet of Urim {Faith Rampage rF+}
HPRegen 0.51/turn               L - +4 ring of slaying
MPRegen 0.22/turn               U - ring "Ypett" {Fly rPois Dex+6 Slay+3}

@: about to teleport, flying, slowed, lightly drained, very slow
A: horns 2, retaliatory headbutt, robust 1
}: 3/15 runes: decaying, abyssal, gossamer
a: Renounce Religion, Berserk, Trog's Hand, Brothers in Arms


You were on level 1 of the Realm of Zot.
You worshipped Trog.
Trog was exalted by your worship.
You visited 10 branches of the dungeon, and saw 43 of its levels.
You visited the Abyss 2 times.
You visited 2 bazaars.
You also visited: Bailey, Gauntlet and Ice Cave.

You collected 6226 gold pieces.
You spent 4148 gold pieces at shops.

Inventory:

Hand Weapons
 a - a +9 vorpal broad axe (weapon)
 b - a +4 antimagic broad axe
 g - a +1 demon blade of electrocution
Armour
 f - the +0 crystal plate armour of Tubraqol (worn) {Will+ MP+9 Dex+4}
   (You acquired it on level 4 of the Vaults)

   Dex:       It affects your dexterity (+4).
   MP:        It affects your magic capacity (+9).
   Will:      It increases your willpower.
 t - +0 gold dragon scales
 w - a +0 tower shield (worn)
 D - a +2 pair of boots (worn)
 N - the +1 pair of gloves of the Orcish Mines (worn) {rElec}
   (You found it in a Gauntlet)

   rElec:     It insulates you from electricity.
 T - a scarf of resistance (worn)
Jewellery
 K - a ring of resist corrosion
 L - a +4 ring of slaying (left hand)
 P - a ring of protection from fire
 R - a ring of protection from cold
 S - the amulet of Urim (around neck) {Faith Rampage rF+}
   (You bought it in a shop on level 2 of the Orcish Mines)

   [amulet of faith]

   It allows you to gain divine favour quickly.
   rF:        It protects you from fire.
   Rampage:   It bestows one free step when moving towards enemies.
 U - the ring "Ypett" (right hand) {Fly rPois Dex+6 Slay+3}
   (You bought it in a shop on level 2 of the Orcish Mines)

   [ring of flight]

   Dex:       It affects your dexterity (+6).
   Slay:      It affects your accuracy & damage with ranged weapons and melee
   (+3).
   rPois:     It protects you from poison.
   Fly:       It grants you flight.
 W - a ring of positive energy
 Z - the ring "Roky" {rPois SInv}
   (You took it off a deep elf annihilator on level 3 of the Elven Halls)

   [ring of poison resistance]

   rPois:     It protects you from poison.
   SInv:      It lets you see invisible.
Wands
 l - a wand of roots (40)
 n - a wand of mindburst (26)
 r - a wand of flame (105)
 s - a wand of paralysis (54)
 I - a wand of acid (28)
 Q - a wand of digging (11)
Scrolls
 c - a scroll of brand weapon
 d - 20 scrolls of identify
 i - 6 scrolls of poison
 j - 13 scrolls of teleportation
 m - 4 scrolls of summoning
 o - 4 scrolls of immolation
 p - 5 scrolls of blinking
 q - a scroll of enchant armour
 y - a scroll of magic mapping
 C - 5 scrolls of butterflies
 V - 3 scrolls of fear
 X - a scroll of silence
Potions
 e - 11 potions of curing
 h - 8 potions of ambrosia
 u - 2 potions of resistance
 v - 9 potions of brilliance
 x - 6 potions of haste
 z - 3 potions of mutation
 B - 3 potions of cancellation
 E - 3 potions of invisibility
 G - 7 potions of attraction
 J - 5 potions of might


   Skills:
 O Level 27 Fighting
 - Level 18.0 Axes
 + Level 23.9 Armour
 + Level 22.1 Dodging
 + Level 23.7 Shields


You had 22 spell levels left.
You didn't know any spells.
Your spell library was empty.

Dungeon Overview and Level Annotations

Branches:
Dungeon (15/15)            Temple (1/1) D:4            Lair (5/5) D:9
  Swamp (4/4) Lair:3       Spider (4/4) Lair:2        Slime (0/5) Lair:4
    Orc (2/2) D:12            Elf (3/3) Orc:2        Vaults (4/5) D:13
  Crypt (0/3) Vaults:2     Depths (4/4) D:15            Zot (1/5) Depths:4
 Bailey (visited)           IceCv (visited)         Gauntlet (visited)

Altars:
Ashenzari
Cheibriados
Dithmenos
Elyvilon
Fedhas
Gozag
Hepliaklqana
Kikubaaqudgha
Makhleb
Nemelex Xobeh
Okawaru
Qazlal
Ru
Sif Muna
Trog
Uskayaw
Vehumet
Wu Jian
Xom
Yredelemnul
Zin
The Shining One
Jiyva

Shops:
D:4 (   D:5 *   D:8 (   D:10 (   Orc:2 =([[   Elf:2 [   Elf:3 (   Vaults:1 =
Vaults:3 =   Depths:2 *

Portals:
Hell: Depths:1 Depths:2 Depths:3 Depths:4
Abyss: Depths:2 Depths:3
Pandemonium: Depths:2 Depths:3
Ziggurat: Depths:4
Trove: Vaults:1 (give +5 demon blade)

Annotations:
Swamp:2 2 transporters, Roxanne
Vaults:1 1 runed translucent door, ripuliukko's ghost, adept GrEE
Depths:1 3 runed translucent doors, Deveroux's ghost, adept DECj
Depths:3 2 transporters, exclusion: obsidian statue
Depths:4 exclusion: 4 draconian stormcallers
Zot:1 exclusions: draconian scorcher and 3 draconian stormcallers, Grunn


Innate Abilities, Weirdness & Mutations

You have a pair of horns on your head.
You reflexively headbutt those who attack you in melee.
You are robust. (+10% HP)


Message History

A black draconian comes into view. It is wielding a +0 flail.
Grunn hits you but does no damage.
You feel drained.
The doom hound bites you but does no damage.
The doom hound claws you but does no damage.
Okay, then.
You slash the doom hound!
The doom hound is almost dead.
You block the reaper's attack. The doom hound closely misses you.
You furiously retaliate!
You headbutt the doom hound!
You kill the doom hound!
Trog accepts your kill. You block Grunn's attack.
Your life force feels restored.
A tormentor comes into view.
The electric golem attacks as you move away!
You block the electric golem's attack. x3
The electric golem hits you but does no damage.
The Tzitzimitl engulfs you! The Tzitzimitl drains your vigour!
You feel yourself slow down. You block the Tzitzimitl's attack.
The reaper completely misses you.
The electric golem blinks!
The reaper shouts, "You must die NOW!"
The reaper hits you with a +2 scythe of protection!!
* * * LOW HITPOINT WARNING * * *
The Tzitzimitl completely misses you. You block the Tzitzimitl's attack.
The electric golem blinks!
A reaper comes into view. It is wielding a +2 vampiric scythe.
As you read the scroll of teleportation, it crumbles to dust.
You feel strangely unstable.
You feel the Orb delaying your translocation!
The infernal howling subsides.
The tormentor shouts, "Prepare for my thousand needles of pain!"
Grunn hits you from afar with a +5 bardiche of draining!!
* * * LOW HITPOINT WARNING * * *
You feel drained.
* * * LOW HITPOINT WARNING * * *
You block the reaper's attack. You block the Tzitzimitl's attack.
The Tzitzimitl bites you but does no damage.
The reaper hits you with a +2 vampiric scythe!!
You die...

...#.........#....##*.....,,,,,,,
...####...####.....##.....,,,,,,,
...* ##### #.....#[d....,,,,,,*
...* #............,,,,,,* ..,*
#............,,,,,,* .,,*
#....††......,,,,,** ,,,*
#..2.§.....#,,,,,,,* ,,,**
##..12#..(###**,,,,,, ,,,,*
#...@2g....# *,,,,,,, ,*,,**
*#..........#**,,,,,,,
,**,,******#..##.........,,,,,,,,
,**,,,,,,.....*#..........,,,,,,*
***,,,,,,....,*##.$.......,,,,,**
***,,,,,,...,,**#.........,,,,,*
**⌠,,,,,,.,,,,,*#........,,,,,,*
**,,,,,,,,,,,,,**#......,,,,,,,*
,,,,,,,,,,,,,,,**,,,,,,,,,,,,,,*


You could see Grunn, a Tzitzimitl, a black draconian, 2 reapers and a tormentor.

Vanquished Creatures
  An ancient lich (Abyss:4)
  A dread lich (Depths:1)
  Mara (Depths:1)
  A royal mummy (Depths:2)
  Saint Roka (Elf:2)
  Margery (Vaults:2)
  A golden dragon (Depths:4)
  Nikola (Swamp:1)
  A profane servitor (Abyss:4)
  3 bone dragons
  3 doom hounds (Zot:1)
  Zenata (Vaults:1)
  4 tentacled monstrosities
  Asterion (Vaults:2)
  2 quicksilver dragons (Zot:1)
  3 deep elf blademasters (Elf:3)
  A titan (Vaults:3)
  A lich (Abyss:4)
  13 tentacled starspawn
  A death cob (Zot:1)
  2 deep elf master archers (Elf:3)
  6 sphinxes
  Agnes (Spider:4)
  A kraken (Abyss:5)
  A walking frostbound tome (Depths:1)
  2 thorn hunters (Swamp:4)
  A storm dragon (Vaults:4)
  4 shadow dragons
  A tengu reaver (Depths:3)
  3 fenstrider witches
  A draconian monk (Zot:1)
  5 frost giants
  A draconian knight (Depths:4)
  4 fire giants
  10 deep elf sorcerers
  4 orc warlords
  2 draconian scorchers (Zot:1)
  5 emperor scorpions
  A balrug (Gauntlet)
  10 vault wardens
  An iron dragon (Depths:4)
  Aizul (Swamp:2)
  3 draconian shifters (Zot:1)
  A caustic shrike zombie (Abyss:5)
  6 ghost moths
  8 deep elf elementalists (Elf:3)
  An angel (Abyss:4)
  3 ghouls
  A draconian annihilator (Zot:1)
  An ophan (Abyss:4)
  7 ironbound preservers
  4 ironbound thunderhulks
  2 spriggan defenders (Depths:3)
  4 broodmothers
  9 stone giants
  15 very ugly things
  2 green draconians (Zot:1)
  6 vampire knights
  6 eleionomae
  A lorocyproca (Abyss:4)
  9 deep elf demonologists
  10 deep elf annihilators (Elf:3)
  2 purple draconians
  10 bunyips
  2 black draconians (Zot:1)
  6 entropy weavers
  5 white draconians
  3 yellow draconians
  5 spark wasps
  An eidolon (Vaults:2)
  5 red draconians
  10 deep elf death magi
  A merfolk javelineer (Depths:3)
  A minotaur (Gauntlet)
  6 mummy priests (Depths:2)
  7 ettins
  5 fire dragons
  3 shambling mangroves
  A merfolk impaler (Depths:3)
  3 deep elf high priests (Elf:3)
  7 yaktaur captains
  3 rakshasas
  5 great orbs of eyes
  25 hydras
  8 boulder beetles
  4 radroaches
  8 vault guards
  4 spriggan air magi
  6 ironbound frosthearts
  A peacekeeper (Vaults:4)
  A jorogumo (Spider:3)
  An anaconda (shapeshifter) (D:14)
  A catoblepas (Lair:5)
  12 centaur warriors
  4 ghost crabs
  9 ice dragons
  A death knight (D:13)
  6 two-headed ogres
  12 death yaks
  28 dancing weapons
  2 naga warriors (Abyss:4)
  A death scarab (Gauntlet)
  A vampire mage (Swamp:3)
  11 alligators
  8 deep troll earth magi
  4 deep troll shamans
  5 tengu warriors
  5 spriggan berserkers
  19 thrashing horrors
  A titan zombie (Depths:1)
  3 orc high priests
  11 hell knights
  2 sixfirhies (Abyss:4)
  A fire crab (shapeshifter) (D:14)
  2 shadow wraiths
  Amaemon (D:11)
  19 deep elf knights
  3 iron trolls
  A fire crab (Abyss:5)
  A storm dragon skeleton (Depths:1)
  9 skeletal warriors
  A sun moth (Spider:2)
  7 wretched stars
  8 pharaoh ants
  A spectral hydra (Gauntlet)
  3 flayed ghosts
  4 goliath frogs
  3 spatial maelstroms (Abyss:4)
  13 orb spiders
  4 steelbarb worms
  14 swamp dragons
  3 glowing orange brains
  11 lindwurms
  32 starcursed masses
  2 spriggan druids
  24 deep trolls
  14 bog bodies
  16 deep elf archers
  A tengu zombie (Vaults:2)
  A shadow dragon zombie (Vaults:2)
  An orb spider (shapeshifter) (Abyss:5)
  8 necromancers
  4 will-o-the-wisps
  A mana viper (Abyss:4)
  A stone giant zombie (Depths:1)
  29 deep elf pyromancers
  30 deep elf zephyrmancers
  8 ironbound convokers
  5 orc sorcerers
  5 wizards
  A fire giant zombie (Depths:1)
  7 orc knights
  A sphinx skeleton (Vaults:2)
  20 ugly things
  A salamander (Depths:1)
  2 worldbinders (Abyss:4)
  5 cyclopes
  6 moths of wrath
  6 manticores
  21 wolf spiders
  9 elephants
  3 guardian serpents
  3 black mambas
  5 apocalypse crabs
  5 smoke demons
  A rust devil (Abyss:4)
  2 gargoyles
  16 vault sentinels
  2 orange demons
  5 torpor snails
  The ghost of GorkyZ the Shield-Bearer, a novice FoFi (D:5)
  9 cane toads
  4 rime drakes
  5 demonic crawlers
  3 kobold demonologists
  22 yaktaurs
  An efreet (D:15)
  3 freezing wraiths
  10 komodo dragons
  6 tengu conjurers
  4 guardian mummies (Depths:2)
  An ice devil (Depths:3)
  3 hydra zombies (Swamp:4)
  A queen bee (Gauntlet)
  11 trolls
  7 ancient zymes
  2 hellwings
  6 meliai
  16 hornets
  7 polar bears
  20 slime creatures
  7 tyrant leeches
  30 tarantellas
  24 blink frogs
  24 large abominations
  A fire giant simulacrum (Vaults:2)
  26 raiju
  Grinder (D:4)
  11 dream sheep
  A spriggan zombie (Depths:1)
  38 jumping spiders
  6 air elementals
  7 flying skulls
  A shadow (Abyss:4)
  10 spriggans
  2 vampires
  6 wraiths
  9 wyverns
  5 ynoxinuls
  56 yaks
  6 basilisks
  26 culicivoras
  3 fire elementals
  A spriggan skeleton (Depths:1)
  4 chaos spawn
  7 water elementals
  5 neqoxecs
  56 redbacks
  12 vampire mosquitoes
  A golden eye (Abyss:5)
  4 steam dragons
  3 spatial vortices (Abyss:4)
  17 swamp worms
  10 wargs
  Duvessa (D:4)
  An acid dragon (D:9)
  18 water moccasins
  2 hell hounds (Gauntlet)
  54 orc warriors
  8 swamp drakes
  5 black bears
  3 ice beasts
  17 wolves
  3 boggarts (D:15)
  10 ogres
  6 centaurs
  13 kobold brigands
  A human zombie (Vaults:2)
  9 bullfrogs
  A gnoll sergeant (D:7)
  2 necrophages
  4 scorpions
  An earth elemental (Elf:1)
  4 wights (D:7)
  Dowan (D:4)
  7 killer bees
  An electric eel (Lair:3)
  2 vampire bats (Lair:5)
  4 jellies
  2 howler monkeys
  8 small abominations
  A crimson imp (Abyss:2)
  23 orc priests
  An iguana (D:5)
  28 orc wizards
  10 gnolls
  2 adders
  A white imp (D:6)
  4 ufetubi
  A worm (D:2)
  4 dart slugs
  123 orcs
  8 endoplasms
  3 giant cockroaches (D:1)
  12 hobgoblins
  7 jackals
  30 kobolds
  3 quokkas
  8 ball pythons
  11 bats
  A frilled lizard (D:1)
  11 goblins
  8 rats
  9 briar patches (Swamp:4)
  21 starspawn tentacles
  3 tentacles (Abyss:5)
1998 creatures vanquished.

Vanquished Creatures (collateral kills)
  A quicksilver dragon (Zot:1)
  A tentacled starspawn (Abyss:5)
  A nagaraja (Abyss:5)
  A bunyip (Swamp:1)
  A hydra (Swamp:1)
  A swamp dragon (Swamp:1)
  2 elephants (Lair:5)
  A cane toad (Lair:5)
  A tormentor (Abyss:5)
  A komodo dragon (Lair:5)
  An ancient zyme (Abyss:5)
  A tarantella (Spider:3)
  A raiju (Abyss:5)
  A kobold brigand (D:8)
  A bullfrog (D:8)
  A kobold (D:8)
17 creatures vanquished.

Vanquished Creatures (others)
  A tentacled starspawn (Abyss:5)
  An eleionoma (Swamp:2)
  A deep elf knight (Elf:2)
  A goliath frog (Swamp:2)
  3 deep elf zephyrmancers
  2 bloated husks
  A spriggan (Swamp:1)
  A small abomination (Abyss:4)
  10 foxfires
  23 fungi
  3 lurking horrors
  83 plants
  26 starspawn tentacles
  5 tentacles (Abyss:5)
161 creatures vanquished.

Grand Total: 2176 creatures vanquished

Notes
Turn   | Place    | Note
-------+----------+-------------------------------------------
     0 | D:1      | jmequinoxe the Minotaur Berserker began the quest for the
                  | Orb.
     0 | D:1      | Reached XP level 1. HP: 19/19 MP: 0/0
   303 | D:1      | Reached XP level 2. HP: 27/27 MP: 1/1
   906 | D:1      | Reached skill level 4 in Fighting
   914 | D:1      | Reached ** piety under Trog
   915 | D:1      | Reached XP level 3. HP: 28/33 MP: 2/2
  1330 | D:2      | Identified the +0 ring mail of Proximity {*Corrode rF++
                  | rC++}
  1767 | D:2      | Found a faded altar of an unknown god.
  2140 | D:2      | Reached XP level 4. HP: 40/40 MP: 3/3
  2515 | D:3      | Found a hide-covered altar of Uskayaw.
  2515 | D:3      | Found a bloodstained altar of Trog.
  2559 | D:3      | Found a glowing golden altar of the Shining One.
  2990 | D:4      | Found a staircase to the Ecumenical Temple.
  3013 | Temple   | Entered the Ecumenical Temple
  3416 | D:4      | Found Esu Judi's Antique Weapon Emporium.
  3425 | D:4      | Bought a glowing war axe for 162 gold pieces
  3432 | D:4      | Noticed Grinder
  3439 | D:4      | Killed Grinder
  3440 | D:4      | Reached skill level 5 in Axes
  3440 | D:4      | Reached skill level 1 in Shields
  3440 | D:4      | Reached XP level 5. HP: 47/47 MP: 4/4
  3440 | D:4      | Reached XP level 6. HP: 55/55 MP: 5/5
  3519 | D:4      | Reached skill level 5 in Fighting
  3934 | D:4      | Noticed Duvessa
  3934 | D:4      | Noticed Dowan
  3941 | D:4      | Killed Duvessa
  3942 | D:4      | Reached XP level 7. HP: 61/61 MP: 6/6
  3942 | D:4      | Killed Dowan
  4498 | D:5      | Entered Level 5 of the Dungeon
  4505 | D:5      | Found Umeag's General Store.
  4999 | D:5      | Found a transporter.
  5001 | D:5      | Noticed GorkyZ's ghost (novice FoFi)
  5156 | D:5      | Found a transporter.
  5172 | D:5      | Bought 3 scrolls of identify for 66 gold pieces
  5186 | D:5      | Bought a potion of cancellation for 88 gold pieces
  5309 | D:5      | Reached skill level 5 in Armour
  5348 | D:5      | Reached XP level 8. HP: 70/70 MP: 7/7
  5565 | D:5      | Reached skill level 6 in Fighting
  5848 | D:6      | Reached skill level 5 in Dodging
  6709 | D:7      | Reached skill level 5 in Shields
  6712 | D:7      | Reached XP level 9. HP: 78/78 MP: 8/8
  6833 | D:7      | Noticed a two-headed ogre
  6962 | D:7      | Reached skill level 7 in Fighting
  7948 | D:8      | Reached skill level 10 in Axes
  8099 | D:8      | Reached *** piety under Trog
  8244 | D:8      | Reached skill level 8 in Fighting
  8304 | D:8      | Found Giusch's Weapon Shop.
  8311 | D:8      | Bought a +0 broad axe for 44 gold pieces
  8573 | D:9      | Noticed a troll
  8581 | D:9      | Killed a troll
  8582 | D:9      | Reached XP level 10. HP: 88/88 MP: 9/9
  8971 | D:9      | Found a staircase to the Lair.
  9754 | D:10     | Entered Level 10 of the Dungeon
  9822 | D:10     | Found a flagged portal.
  9834 | Bailey   | Entered a bailey
 10064 | Bailey   | Noticed an orc knight
 10077 | Bailey   | Reached skill level 9 in Fighting
 10082 | Bailey   | Killed an orc knight
 10129 | Bailey   | Found a bloodstained altar of Trog.
 10167 | D:10     | Noticed a two-headed ogre
 10411 | D:10     | Found Cunoth's Antique Weapon Boutique.
 10497 | D:10     | Noticed a two-headed ogre
 10693 | Lair:1   | Entered Level 1 of the Lair of Beasts
 10693 | Lair:1   | Noticed a five-headed hydra
 10702 | Lair:1   | Reached XP level 11. HP: 97/97 MP: 10/10
 10707 | Lair:1   | Killed a two-headed hydra
 10964 | Lair:1   | Reached skill level 10 in Fighting
 11192 | Lair:1   | Reached **** piety under Trog
 11330 | Lair:1   | Found a dark tunnel.
 11330 | Lair:1   | Noticed a lindwurm
 11589 | D:5      | Bought an amulet of regeneration for 330 gold pieces
 11594 | D:5      | Bought a potion of heal wounds for 55 gold pieces
 11594 | D:5      | Bought a potion of resistance for 110 gold pieces
 11594 | D:5      | Bought a scroll of teleportation for 33 gold pieces
 12429 | Lair:2   | Noticed a five-headed hydra
 12441 | Lair:2   | Killed a three-headed hydra
 12442 | Lair:2   | Reached skill level 10 in Armour
 12442 | Lair:2   | Reached XP level 12. HP: 107/107 MP: 11/11
 12998 | Lair:2   | Found a hole to the Spider Nest.
 13308 | Lair:3   | Noticed a seven-headed hydra
 13379 | Lair:3   | Noticed a death yak
 13382 | Lair:3   | Noticed a death yak
 13383 | Lair:3   | Noticed a death yak
 13386 | Lair:3   | Noticed a death yak
 13393 | Lair:2   | Killed a death yak
 13394 | Lair:2   | Reached skill level 11 in Fighting
 13398 | Lair:2   | Killed a death yak
 13512 | Lair:3   | Killed a three-headed hydra
 13513 | Lair:3   | Reached skill level 10 in Shields
 13580 | Lair:3   | Reached skill level 15 in Axes
 13609 | Lair:3   | Killed a death yak
 13821 | Lair:3   | Reached skill level 10 in Dodging
 13865 | Lair:3   | Killed a death yak
 14165 | Lair:3   | Found a staircase to the Swamp.
 14490 | Lair:4   | Reached XP level 13. HP: 117/117 MP: 12/12
 14860 | Lair:4   | Reached skill level 12 in Fighting
 15281 | Lair:4   | Found a staircase to the Slime Pits.
 15282 | Lair:4   | Found a viscous altar of Jiyva.
 15382 | Lair:5   | Entered Level 5 of the Lair of Beasts
 15861 | Lair:5   | Reached ***** piety under Trog
 16577 | Lair:5   | Reached XP level 14. HP: 127/127 MP: 13/13
 17318 | D:10     | Reached skill level 13 in Fighting
 17767 | D:11     | Received a gift from Trog
 18103 | D:11     | Noticed Amaemon
 18116 | D:11     | Killed Amaemon
 18191 | D:11     | Found a transporter.
 18197 | D:11     | Found a transporter.
 18885 | D:12     | Found a gate leading to a gauntlet.
 18894 | Gauntlet | Entered a Gauntlet
 18894 | Gauntlet | Found a transporter.
 18894 | Gauntlet | Found a transporter.
 18901 | Gauntlet | Found a runed translucent door.
 18912 | Gauntlet | Found a transporter.
 18916 | Gauntlet | Found a transporter.
 18927 | Gauntlet | Found a transporter.
 18928 | Gauntlet | Found a transporter.
 18936 | Gauntlet | Found a transporter.
 18952 | Gauntlet | Found a transporter.
 18954 | Gauntlet | Noticed a balrug
 18966 | Gauntlet | Found a transporter.
 18970 | Gauntlet | Found a transporter.
 18972 | Gauntlet | Found a runed translucent gate.
 18972 | Gauntlet | Found a runed translucent gate.
 18972 | Gauntlet | Found a runed translucent gate.
 18978 | Gauntlet | Found a transporter.
 18982 | Gauntlet | Found a transporter.
 19083 | Gauntlet | Identified the +1 pair of gloves of the Orcish Mines
                  | {rElec}
 19197 | Gauntlet | Killed a balrug
 19206 | Gauntlet | Noticed a broodmother
 19206 | Gauntlet | an entropy weaver changed into a broodmother
 19212 | Gauntlet | a broodmother changed into a spark wasp
 19229 | Gauntlet | Noticed a storm dragon
 19229 | Gauntlet | a radroach changed into a storm dragon
 19233 | Gauntlet | a storm dragon changed into a dire elephant
 19236 | Gauntlet | Noticed a storm dragon
 19236 | Gauntlet | a death yak changed into a storm dragon
 19237 | Gauntlet | a storm dragon changed into a catoblepas
 19291 | Gauntlet | Identified the +2 ring mail of Qusid {rElec}
 19387 | D:12     | Found a hazy altar of Hepliaklqana.
 19852 | D:12     | Identified the ring "Cesas" {Fire rElec MP+9 Str-5 SInv}
 20023 | D:12     | Found a staircase to the Orcish Mines.
 20538 | Orc:1    | Entered Level 1 of the Orcish Mines
 20541 | Orc:1    | Noticed an orc warlord
 20837 | D:12     | Killed an orc warlord
 21104 | Orc:1    | Received a gift from Trog
 21785 | Orc:2    | Entered Level 2 of the Orcish Mines
 21893 | Orc:2    | Found a staircase to the Elven Halls.
 22111 | Orc:2    | Reached skill level 14 in Fighting
 22838 | Orc:2    | Found Ujirimog's Armour Boutique.
 23021 | Orc:2    | Found Rutoumec's Jewellery Emporium.
 23379 | Orc:2    | Noticed an orc warlord
 23410 | Orc:2    | Killed an orc warlord
 23419 | Orc:2    | Reached XP level 15. HP: 138/138 MP: 1/14
 23737 | Orc:2    | Found Maulipno's Antique Armour Shop.
 23739 | Orc:2    | Found Nampetz's Antique Weapon Boutique.
 24085 | Orc:2    | Bought the amulet of Urim {Faith Rampage rF+} for 864 gold
                  | pieces
 24847 | D:13     | Found a gate to the Vaults.
 25743 | D:5      | Killed GorkyZ's ghost
 26105 | D:10     | Found Cunoth's Antique Weapon Boutique.
 27151 | D:14     | Received a gift from Trog
 27736 | D:15     | Entered Level 15 of the Dungeon
 27976 | D:15     | Found a staircase to the Depths.
 27988 | D:15     | Reached skill level 15 in Fighting
 28450 | D:15     | Found an ancient bone altar of Kikubaaqudgha.
 28830 | Orc:2    | Bought the ring "Ypett" {Fly rPois Dex+6 Slay+3} for 862
                  | gold pieces
 29016 | Spider:1 | Entered Level 1 of the Spider Nest
 29735 | Spider:1 | Reached skill level 15 in Armour
 29770 | Spider:1 | Noticed an emperor scorpion
 29793 | Spider:1 | Killed an emperor scorpion
 30661 | Spider:1 | Reached XP level 16. HP: 151/151 MP: 15/15
 30798 | Spider:2 | Found a frozen archway.
 30921 | IceCv    | Entered an ice cave
 30929 | IceCv    | Reached skill level 16 in Fighting
 31006 | IceCv    | Received a gift from Trog
 31306 | Swamp:1  | Entered Level 1 of the Swamp
 31466 | Swamp:1  | Reached skill level 15 in Shields
 32209 | Swamp:1  | Identified the -2 pair of gloves of Dithmenos, Piercing
                  | {Stlth+}
 32209 | Swamp:1  | Noticed Nikola
 32223 | Swamp:1  | Killed Nikola
 32484 | Swamp:2  | Reached skill level 17 in Fighting
 32595 | Swamp:2  | Noticed Roxanne
 32621 | Swamp:2  | Found a transporter.
 32678 | Swamp:2  | Noticed Aizul
 32688 | Swamp:2  | Killed Aizul
 32688 | Swamp:2  | Received a gift from Trog
 33639 | Swamp:2  | Identified the +2 pair of gloves of Insurance {rPois Str+4}
 33654 | Swamp:2  | Found a transporter.
 34161 | Swamp:3  | Reached skill level 15 in Dodging
 34422 | Swamp:3  | Reached skill level 18 in Fighting
 34422 | Swamp:3  | Reached XP level 17. HP: 163/163 MP: 16/16
 35194 | Swamp:3  | Noticed a tentacled monstrosity
 35201 | Swamp:3  | Killed a tentacled monstrosity
 35555 | Spider:2 | Received a gift from Trog
 37054 | Spider:3 | Reached skill level 19 in Fighting
 37420 | Spider:3 | Reached ****** piety under Trog
 37832 | Spider:3 | Identified the +1 flail "Vierph" {freeze, *Corrode rC+ rN+
                  | Str+6}
 38727 | Swamp:4  | Entered Level 4 of the Swamp
 39019 | Swamp:4  | Received a gift from Trog
 39317 | Swamp:4  | Reached XP level 18. HP: 173/178 MP: 17/17
 39515 | Swamp:4  | Reached skill level 20 in Fighting
 39816 | Swamp:4  | Got a decaying rune of Zot
 40095 | Spider:4 | Entered Level 4 of the Spider Nest
 40124 | Spider:4 | Noticed Agnes
 40136 | Spider:4 | Killed Agnes
 40717 | Spider:4 | Received a gift from Trog
 42654 | Spider:4 | Received a gift from Trog
 42659 | Spider:4 | Got a gossamer rune of Zot
 43018 | Elf:1    | Entered Level 1 of the Elven Halls
 43029 | Elf:1    | Reached skill level 21 in Fighting
 43117 | Elf:1    | Found a flickering gateway to a bazaar.
 43155 | Bazaar   | Entered a bazaar
 43192 | Bazaar   | Found Higo's General Store.
 43196 | Bazaar   | Bought a scroll of fear for 48 gold pieces
 43196 | Bazaar   | Found Qopli's General Store.
 43196 | Bazaar   | Found Axoaqet's Armour Boutique.
 43197 | Bazaar   | Found Tiume's Magic Scroll Boutique.
 43207 | Bazaar   | Bought a potion of curing for 33 gold pieces
 43207 | Bazaar   | Bought a potion of might for 44 gold pieces
 43227 | Bazaar   | Bought a scroll of butterflies for 36 gold pieces
 43227 | Bazaar   | Bought a scroll of enchant armour for 67 gold pieces
 43227 | Bazaar   | Bought a scroll of enchant armour for 67 gold pieces
 43227 | Bazaar   | Bought a scroll of magic mapping for 67 gold pieces
 43227 | Bazaar   | Bought a scroll of brand weapon for 85 gold pieces
 43227 | Bazaar   | Bought a scroll of magic mapping for 67 gold pieces
 43782 | Elf:1    | Received a gift from Trog
 44340 | Elf:2    | Reached XP level 19. HP: 137/190 MP: 18/18
 44864 | Elf:2    | Found Jeihimoevu's Armour Emporium.
 44910 | Elf:2    | Received a gift from Trog
 45408 | Elf:2    | Paralysed by an air elemental for 1 turns
 45564 | Elf:2    | Reached skill level 22 in Fighting
 45565 | Elf:2    | Found a runed translucent gate.
 45570 | Elf:2    | Found a runed translucent gate.
 45571 | Elf:2    | Found a runed translucent gate.
 46254 | Elf:2    | Noticed Saint Roka
 46283 | Elf:2    | Killed Saint Roka
 46647 | Elf:2    | Received a gift from Trog
 46861 | Elf:3    | Entered Level 3 of the Elven Halls
 47120 | Elf:3    | Identified the +6 chain mail of Snakes and Ladders {rPois
                  | Str+4}
 47187 | Elf:3    | Identified the +3 chain mail of Ynual {rPois rN+ Dex+2}
 47369 | Elf:3    | Found Mevofuko's Weapon Emporium.
 47614 | Elf:3    | Received a gift from Trog
 48336 | Elf:3    | Identified the +9 great mace "Hydraslayer" {protect, Dex+2}
 48427 | Elf:3    | Identified the +5 rapier of Fee Simple {speed, +Blink rF-
                  | Dex+6}
 48427 | Elf:3    | Identified the ring "Roky" {rPois SInv}
 48480 | Elf:3    | Identified the +4 long sword of Jeukath {freeze, rPois
                  | Dex+4}
 48658 | Elf:3    | Received a gift from Trog
 48659 | Elf:3    | Reached skill level 23 in Fighting
 49044 | Elf:3    | Reached XP level 20. HP: 142/204 MP: 19/19
 49774 | Elf:3    | Received a gift from Trog
 50188 | Vaults:1 | Entered Level 1 of the Vaults
 50437 | Vaults:1 | Found a runed translucent door.
 50441 | Vaults:1 | Noticed ripuliukko's ghost (adept GrEE)
 50601 | Vaults:1 | Found a portal to a secret trove of treasure.
 51114 | Vaults:1 | Noticed Zenata
 51150 | Vaults:1 | Killed Zenata
 51402 | Vaults:1 | Found Uzisos's Jewellery Shoppe.
 51411 | Vaults:1 | Bought a ring of resist corrosion for 240 gold pieces
 51411 | Vaults:1 | Bought a ring of protection from cold for 300 gold pieces
 51411 | Vaults:1 | Bought a ring of positive energy for 240 gold pieces
 51980 | Vaults:1 | Received a gift from Trog
 52173 | Vaults:2 | Found a staircase to the Crypt.
 52689 | Vaults:2 | Reached skill level 24 in Fighting
 52696 | Vaults:2 | Noticed Margery
 52697 | Vaults:2 | Noticed Asterion
 52713 | Vaults:2 | Killed Margery
 52718 | Vaults:2 | Received a gift from Trog
 53874 | Vaults:2 | Identified the +5 arbalest of Demand {vorpal, rF- rN+++
                  | Dex+6}
 54054 | Vaults:2 | Killed Asterion
 54765 | Vaults:3 | Found Awu Tofamo's Jewellery Emporium.
 55184 | Vaults:3 | Identified a scroll of acquirement
 55571 | Vaults:3 | Reached XP level 21. HP: 206/215 MP: 20/20
 56239 | Vaults:4 | Received a gift from Trog
 56353 | Vaults:4 | Reached skill level 25 in Fighting
 57610 | Vaults:4 | Received a gift from Trog
 58160 | Vaults:4 | Acquired the +0 crystal plate armour of Tubraqol {Will+
                  | MP+9 Dex+4}
 58411 | Depths:1 | Entered Level 1 of the Depths
 58855 | Depths:1 | Noticed a dread lich
 58896 | Depths:1 | Killed a dread lich
 59293 | Depths:1 | Found a gateway to Hell.
 59372 | Depths:1 | Noticed Deveroux's ghost (adept DECj)
 59378 | Depths:1 | Found a runed translucent gate.
 59378 | Depths:1 | Found a runed translucent gate.
 59378 | Depths:1 | Found a runed translucent gate.
 59441 | Depths:1 | Received a gift from Trog
 59582 | Depths:1 | Noticed Mara
 59590 | Depths:1 | Noticed jmequinoxe's illusion
 59632 | Depths:1 | Killed Mara
 59795 | Depths:1 | Identified the +7 long sword of Sloth {venom, rN+ SInv}
 60162 | Depths:2 | Reached skill level 26 in Fighting
 61155 | Depths:2 | Reached XP level 22. HP: 217/228 MP: 12/21
 61536 | Depths:2 | Noticed a royal mummy
 61546 | Depths:2 | Killed a royal mummy
 61956 | Depths:2 | Found the amulet of Vitality {RegenMP++ Regen++}
 62147 | Depths:2 | Found a one-way gate leading to the halls of Pandemonium.
 62443 | Depths:2 | Found Puetuseive's General Store.
 62454 | Depths:2 | Bought a scroll of fear for 64 gold pieces
 62605 | Depths:2 | Found a one-way gate to the infinite horrors of the Abyss.
 62725 | Depths:3 | Noticed a golden dragon
 62727 | Depths:3 | Noticed a juggernaut
 62775 | Depths:3 | Found a transporter.
 62805 | Depths:3 | Found a transporter.
 62805 | Depths:3 | Identified the ring of the Sharp God {rC- MP+9 Str+9 Dex-4
                  | Stlth+}
 62810 | Depths:3 | Received a gift from Trog
 62850 | Depths:3 | Found a flickering gateway to a bazaar.
 62858 | Bazaar   | Entered a bazaar
 62858 | Bazaar   | Found Doucrich's Distillery.
 62858 | Bazaar   | Found Xeh Upt's Weapon Emporium.
 62938 | Bazaar   | Found Zuocaf's Jewellery Shoppe.
 62954 | Bazaar   | Found Qaycvearph's Armour Emporium.
 62972 | Bazaar   | Bought a potion of invisibility for 128 gold pieces
 62972 | Bazaar   | Bought a potion of curing for 48 gold pieces
 63748 | Depths:3 | You are sucked into a shaft and drop 1 floor!
 63748 | Depths:4 | Entered Level 4 of the Depths
 63752 | Depths:4 | Identified the +5 dagger "Lutsodoa" {vorpal, rC+ Int+2}
 63994 | Depths:4 | Noticed a golden dragon
 64010 | Depths:4 | Killed a golden dragon
 64244 | Depths:4 | Found a one-way gateway to a ziggurat.
 64989 | Depths:4 | Reached skill level 27 in Fighting
 65411 | Depths:4 | Received a gift from Trog
 65596 | Depths:4 | Found a gate to the Realm of Zot.
 65829 | Depths:2 | Voluntarily entered the Abyss.
 66185 | Abyss:4  | Found a corrupted altar of Lugonu.
 66335 | Abyss:4  | Received a gift from Trog
 66576 | Abyss:4  | Noticed an ancient lich
 66594 | Abyss:4  | Reached XP level 23. HP: 217/240 MP: 22/22
 66623 | Abyss:4  | Killed an ancient lich
 66739 | Abyss:4  | Received a gift from Trog
 66954 | Abyss:5  | Gained mutation: Your body sometimes deteriorates upon
                  | taking damage. [a neqoxec]
 66978 | Abyss:5  | Received a gift from Trog
 67075 | Abyss:5  | Paralysed by accursed screaming for 1 turns
 67181 | Abyss:5  | HP: 8/240 [skeletal warrior/+0 scimitar[a death knight]
                  | (10)]
 67184 | Depths:2 | Escaped the Abyss
 67991 | Depths:2 | Voluntarily entered the Abyss.
 68034 | Abyss:5  | Received a gift from Trog
 68045 | Abyss:5  | Got an abyssal rune of Zot
 68064 | Abyss:5  | Lost intelligence.
 68075 | Depths:2 | Escaped the Abyss
 68426 | Lair:1   | Lost mutation: Your body sometimes deteriorates upon taking
                  | damage. [potion of mutation]
 68426 | Lair:1   | Gained mutation: You are robust. (+10% HP) [potion of
                  | mutation]
 68688 | Zot:1    | Entered Level 1 of the Realm of Zot
 69489 | Zot:1    | Noticed Grunn
 69501 | Zot:1    | Mangled by a reaper

Illustrated notes

Levels and vault maps discovered:
D:1:      lightli_arrival_maybe_door_vault, layout_loops_cross
D:2:      layout_basic, hellmonk_ecumenical_altar_crossroads,
          minmay_diced_spiral
D:3:      layout_rooms, nicolae_overflow_crystal_walls,
          nicolae_overflow_two_pavilions, nicolae_figureground_pulse
D:4:      layout_basic, minmay_temple_entry_antechambers, serial_shops,
          nicolae_shop_trees, serial_curves, eino_curves_03, eino_curves_01,
          eino_curves_02, uniq_grinder, uniq_duvessa
D:5:      layout_gridville, serial_shops,
          nicolae_shop_temple_entry_statues_fountains, gammafunk_ghost_smash,
          serial_rivers, chequers_serial_rivers_small_3,
          chequers_serial_rivers_small_a, chequers_serial_rivers_marsh,
          chequers_serial_rivers_micro_b, chequers_serial_rivers_room_b,
          chequers_serial_rivers_small_3, minmay_misc_feat_columns,
          hangedman_glass_teeth
D:6:      layout_loops_cross
D:7:      layout_loops_ring
D:8:      layout_rooms, serial_shops, nicolae_shop_bloodbath_and_beyond
D:9:      layout_stronghold, minmay_lair_entry_grove
D:10:     layout_basic, enter_bailey_7, serial_shops,
          nicolae_shop_window_shopping
D:11:     layout_loops_ring, nicolae_diode_stairs, uniq_amaemon
D:12:     layout_loops_cross, minmay_orc_entry_guard_dogs,
          gauntlet_entry_generic, worldfamousw_hep_ancestral_shrine
D:13:     layout_irregular_city, david_vaults_5, nicolae_twisting_strands
D:14:     layout_cave_pods
D:15:     hangedman_depths_entry_civil_slaughter, layout_small_grid,
          nicolae_kikubaaqudgha_miasma_corner
Temple:   compressed_dpeg_triangle_lava_temple
Lair:1:   layout_cave_shapes, nicolae_volcano_entry_vermiform
Lair:2:   layout_cave_pods, spider_nest_entry_funnel_web, lemuel_fruit_tree
Lair:3:   layout_cave_shapes, nicolae_swamp_entry_splash_gauntlet,
          kennysheep_basilisk_garden
Lair:4:   layout_regular_city, dpeg_slime_entry_corner
Lair:5:   grunt_lair_end_beastmaster, layout_layer_cave, roderic_batcave
Swamp:1:  layout_falls_marsh, evilmike_swamp_ruin_rubble_2, swamp_pool4,
          st_swamp_ruins_4, uniq_nikola
Swamp:2:  gammafunk_worm_tunnel, layout_basic_swamp, evilmike_swamp_ruin_wall,
          swamp_pool2, uniq_aizul, uniq_roxanne
Swamp:3:  nzn_winding_woodlands_small [nzn_winding_woodlands_5x15_lazy_stream,
          nzn_winding_woodlands_center_garden,
          nzn_winding_woodlands_5x15_jagged], layout_basic_swamp,
          nicolae_swamp_very_dense_foliage, cheibrodos_swamp_pet_leeches,
          infiniplex_staircase_pool
Swamp:4:  swamp_alternative, layout_basic_swamp,
          nicolae_swamp_necromancy_gone_wrong
Spider:1: layout_cave_pods, nicolae_spider_webbed_stairs
Spider:2: layout_spider_delve, portal_ice_cave_entry_pillars_1
Spider:3: layout_chambers
Spider:4: spider_rune_water, drop_trap, uniq_agnes
Orc:1:    layout_caves
Orc:2:    grunt_orc_community_town_hall, layout_caves,
          grunt_orc_community_big_house_2, grunt_orc_community_big_house_2,
          grunt_orc_community_house_2, grunt_orc_community_house_1,
          grunt_orc_community_house_3, grunt_orc_community_house_2,
          nicolae_orc_pool_cavern
Elf:1:    eino_elf_arrival_the_gate, layout_gridlike, serial_shops,
          bzr_entry_lakeside, hangedman_elven_crosses_minicolossus,
          roderic_lattice_octagonal_star
Elf:2:    elven_hall_of_blades_hangedman_original
          [nicolae_blade_entry_antechamber], layout_rooms, serial_shops,
          nicolae_shop_statue_plus, serial_co_window_serial, co_window_paths_b,
          co_window_paths_b, co_window_corner_a, co_window_corner_a,
          co_window_paths_a, co_window_paths_a, co_window_paths_a,
          co_window_paths_a, co_window_paths_a, co_window_2corner,
          co_window_corner_b, co_window_unsneaky_path_a, co_window_paths_d,
          glass_columns_c, glass_columns_b, glass_columns_a, glass_columns_a,
          uniq_saint_roka
Elf:3:    nooodl_elf_gasket, layout_loops_corners, serial_shops, shop
Vaults:1: hellmonk_ghost_big_iron, hangedman_vaults_stagger,
          nicolae_vaults_little_squares_6, vaults_room_fours,
          vaults_room_guarded_vault, nicolae_vaults_specimen_jars,
          vaults_room_door_ring, layout_vaults_omnigrid,
          nicolae_trove_entry_crossroad, serial_shops, nicolae_shop_stone,
          uniq_zenata
Vaults:2: minmay_crypt_entry_simple_walls, hangedman_vaults_nails,
          nicolae_vaults_little_squares_5, nicolae_vaults_network_s,
          ontoclasm_vaults_ring_square, vaults_dpeg_encased_lava,
          nicolae_vaults_little_squares_6, v_rooms_2, dpeg_vaults_monster_box,
          nicolae_vaults_hallways_thing, vaults_dpeg_spiral,
          nicolae_vaults_yaktaur_gun_rack, ontoclasm_vaults_shuriken,
          vaults_dpeg_emergency_exit, layout_vaults_omnicross, uniq_margery,
          uniq_asterion
Vaults:3: ontoclasm_vaults_tryst, hangedman_vaults_pinch,
          ontoclasm_vaults_idyll, v_misc_27, st_smaller_cells,
          hangedman_vaults_maws, layout_vaults_chaotic_city, serial_shops,
          shop_fountains
Vaults:4: hangedman_vaults_variations, kb_rosetta,
          nicolae_vaults_windows_and_doors_thing, ontoclasm_vaults_idyll,
          nicolae_vaults_circle_grid_a, v_alt_pattern_2,
          nicolae_vaults_little_squares_3, grunt_vaults_focal,
          nicolae_vaults_ninety_degrees, nicolae_vaults_gold_heap,
          vaults_dpeg_hooks, layout_vaults_ring
Depths:1: layout_gridlike, special_room [special_room_morgue],
          biasface_ghost_demon_polymorph, hell_entry, nrook_mini_backslash,
          kennysheep_dice, uniq_mara
Depths:2: ragdoll_tomb_raider, layout_long_grid, pf_vacation_house_of_asmodeus,
          serial_shops, nicolae_shop_waterfront, marbit_kobold_abyss_entry,
          rand_demon_pan_entry_1, minmay_staircase_bubble
Depths:3: gammafunk_sealed_arena, layout_gridlike, abyss_entry,
          amcnicky_mini_pool_small, serial_shops, bzr_entry_road,
          pf_hell_entry_tar_spiral, grunt_pan_entry_sceptre,
          kennysheep_generic_room_2
Depths:4: evilmike_zot_entry_argh, layout_cave_shapes, enter_ziggurat_a,
          hell_entry
Zot:1:    lemuel_draconian_sentries_small, layout_cathedral_of_symmetry,
          uniq_grunn

Skill      XL: |  1  2  3  4  5  6  7  8  9 10 11 12 13 14 15 16 17 18 19 20 21 22 23 |
---------------+----------------------------------------------------------------------+-----
Axes           | 4 5 6 7 9 10 12 14 15 17 18 | 18.0
Fighting       | 4 5 6 8 9 10 11 12 14 15 18 19 21 23 24 26 27 | 27.0
Armour         | 3 4 5 6 7 8 10 11 12 13 15 16 17 18 19 20 21 22 23 | 23.9
Dodging        | 3 4 5 6 7 9 10 11 12 14 15 16 17 18 19 21 22 | 22.1
Shields        | 1 2 3 5 6 7 9 10 11 13 14 15 17 18 19 20 21 22 23 | 23.7

Action                   |  1- 3 |  4- 6 |  7- 9 | 10-12 | 13-15 | 16-18 | 19-21 | 22-24 || total
-------------------------+-------+-------+-------+-------+-------+-------+-------+-------++-------
Melee: Hand axe          |   113 |    51 |       |   157 |     3 |    51 |       |       ||   375
       Headbutt          |    19 |    15 |    27 |   113 |   331 |   363 |   410 |   370 ||  1648
       War axe           |       |    47 |   193 |       |       |       |       |       ||   240
       Broad axe         |       |       |    15 |   308 |  1280 |  1125 |  1346 |  1011 ||  5085
Throw: Stone             |     8 |     1 |     6 |     9 |    11 |     7 |     5 |       ||    47
Invok: Berserk           |     3 |     5 |    14 |    18 |    18 |    11 |     6 |     3 ||    78
       Trog's Hand       |       |     4 |     4 |     7 |    19 |     9 |    31 |    11 ||    85
       Brothers in Arms  |       |       |       |       |       |     4 |     3 |     2 ||     9
Evoke: Wand              |       |       |       |     7 |     1 |     9 |     2 |     1 ||    20
  Use: Scroll            |       |       |    25 |     5 |     9 |    12 |    16 |     7 ||    74
       Potion            |       |       |       |     3 |     8 |     1 |     3 |    18 ||    33
 Stab: Distracted        |       |       |       |       |     3 |       |       |       ||     3
       Petrified         |       |       |       |       |     3 |       |       |       ||     3
       Paralysed         |       |       |       |       |       |     3 |       |       ||     3
       Invisible         |       |       |       |       |       |       |       |     6 ||     6
Armor: Leather armour    |    22 |       |       |       |       |       |       |       ||    22
       Chain mail        |       |    29 |    42 |       |       |       |       |       ||    71
       Plate armour      |       |       |    27 |   195 |   516 |   519 |   283 |       ||  1540
       Skin              |       |       |       |       |     3 |       |       |       ||     3
       Crystal plate arm |       |       |       |       |       |       |    75 |   293 ||   368
Dodge: Dodged            |    49 |    23 |    51 |   118 |   397 |   535 |   467 |   417 ||  2057
Block: Buckler           |       |     7 |    31 |       |       |       |       |       ||    38
       Kite shield       |       |       |     6 |   180 |   611 |   708 |   786 |   190 ||  2481
       Tower shield      |       |       |       |       |       |       |       |   749 ||   749
